 Dungeon Crawl Stone Soup version 0.21-a0-273-g0785366 (webtiles) character file.

6866 Dominolapin the Fighter (level 11, -8/118 HPs)
             Began as an Ogre Arcane Marksman on Sept 17, 2017.
             Was a Believer of Fedhas.
             Killed from afar by Harold (24 damage)
             ... with a bolt of fire
             ... on level 10 of the Dungeon.
             The game lasted 00:32:42 (14946 turns).

Dominolapin the Fighter (Ogre Arcane Marksman)     Turns: 14946, Time: 00:32:43

Health: -8/118     AC: 10    Str: 24    XL:     11   Next: 6%
Magic:  14/15      EV: 11    Int: 14    God:    Fedhas [**....]
Gold:   158        SH:  0    Dex: 11    Spells: 11/12 levels left

rFire    . . .     SeeInvis .   a - +0 giant spiked club
rCold    . . .     Gourm    .   (shield currently unavailable)
rNeg     . . .     Faith    .   I - +2 troll leather armour
rPois    .         Spirit   .   (helmet restricted)
rElec    .         Reflect  .   G - +2 cloak {+Inv}
rCorr    .         Harm     .   (gloves unavailable)
MR       +....                  (boots unavailable)
Stlth    +.........             (no amulet)
HPRegen  0.69/turn              X - +2 ring of dexterity
MPRegen  0.14/turn              (no ring)

@: mighty
A: unfitting armour, claws 2, sense surroundings 1, tough skin 1
a: Fungal Bloom, Evolution, Sunlight, Renounce Religion, Evoke Invisibility


You were on level 10 of the Dungeon.
You worshipped Fedhas.
Fedhas was pleased with you.
You were near starving.

You visited 1 branch of the dungeon, and saw 10 of its levels.
You also visited: Sewer.

You collected 447 gold pieces.
You spent 289 gold pieces at shops.


Innate Abilities, Weirdness & Mutations

You are too large for most types of armour.
You have tough skin. (AC +1)
You have very sharp fingernails.
You passively map a small area around you.


   Skills:
 - Level 10.3 Fighting
 * Level 9.5 Maces & Flails
 - Level 8.2 Throwing
 - Level 3.6 Dodging
 - Level 1.2 Spellcasting
 - Level 2.6 Hexes
 - Level 5.6 Invocations


You had 11 spell levels left.
You knew the following spells:

 Your Spells              Type           Power        Failure   Level  Hunger
a - Corona                Hex            #......      10%         1    ##.....

Inventory:

Hand Weapons
 a - a +0 giant spiked club (weapon)
 b - a +0 blowgun {@w1}
 q - a +2 whip of flaming
Missiles
 d - 4 throwing nets {=f}
 f - 10 tomahawks
 j - 7 large rocks (quivered) {=f}
 x - 88 poisoned needles
 y - a curare-tipped needle {=f}
Armour
 G - a +2 cloak of invisibility (worn)
 H - a +2 robe of positive energy
 I - a +2 troll leather armour (worn)
Jewellery
 J - an uncursed amulet of rage {unknown}
 X - a +2 ring of dexterity (left claw)
Wands
 c - a wand of flame (32/48)
 l - a wand of flame (14/48)
 r - a wand of confusion (24/48)
 B - a wand of lightning (0/15)
Scrolls
 e - 6 scrolls of teleportation {@r4}
 i - 3 scrolls of remove curse {@r2}
 u - a scroll of fear
Potions
 g - a potion of agility {unknown}
 h - 2 potions of heal wounds {unknown}
 m - 4 potions of degeneration {!q}
 n - a potion of mutation {unknown}
 o - 4 potions of curing {@q1}
 p - 3 potions of ambrosia
 s - a potion of magic {unknown}
 t - 3 potions of flight
 v - 3 potions of might
 E - a potion of haste {unknown}
Books
 w - a book of Debilitation

   Spells                             Type                      Level
   a - Corona                         Hexes                        1
   b - Slow                           Hexes                        2
   c - Inner Flame                    Hexes/Fire                   3
   d - Portal Projectile              Hexes/Translocation          3
   e - Cause Fear                     Hexes                        4
   f - Leda's Liquefaction            Hexes/Earth                  4
 F - a Young Poisoner's Handbook

   Spells                             Type                      Level
   a - Sting                          Conjuration/Poison           1
   b - Poisonous Vapours              Poison/Air                   2
   c - Mephitic Cloud                 Conjuration/Poison/Air       3
   d - Olgreb's Toxic Radiance        Poison                       4
   e - Venom Bolt                     Conjuration/Poison           5
Comestibles
 k - 3 meat rations {@e1}
 z - a royal jelly {@e3}
 A - 9 fruits {@e2}
 C - 2 bread rations {@e1}

Dungeon Overview and Level Annotations

Branches:
Dungeon (10/15)            Temple (0/1) D:7             Orc (0/2) D:10
   Lair: D:8-11

Altars:
Ashenzari
Cheibriados
Dithmenos
Fedhas
Gozag
Xom
Yredelemnul
Zin

Shops:
D:7 %%[=

Annotations:
D:10 Harold

, #.# #.# * #.#
##.##### * #.#
#......# #.#
#..###.##* * * #$#
#........ *,* ##.##
#.#.#.### *
#.(9#####.#)#.#
#.###@#......(....#
#.....@......(....#
##############.#..#
#.#..# #.#..#
#.#..# , *#.#..#
...... .#, *


You could see Harold and a gargoyle.


Message History

No evolvable flora in sight.
Casting: Corona
Confirm with . or Enter, or press ? or * to list all spells.
Aiming: Corona
Press: ? - help, Shift-Dir - straight line
Okay, then.
Casting: Corona
Confirm with . or Enter, or press ? or * to list all spells.
Aiming: Corona
Press: ? - help, Shift-Dir - straight line
Okay, then.
Casting: Corona
Confirm with . or Enter, or press ? or * to list all spells.
Aiming: Corona
Press: ? - help, Shift-Dir - straight line, f - Harold
Aim: Harold, wielding a flail and wearing a glowing ring mail (severely wounded, haloed, chance to defeat MR: 14%)
Okay, then.
You puncture Harold!
Harold is almost dead.
Harold gestures at you while chanting. The bolt of fire hits you!
* * * LOW HITPOINT WARNING * * *
The gargoyle hurls a stone arrow at you.
The stone arrow misses you.
You puncture Harold!
Harold is almost dead.
Harold gestures at you while chanting. The bolt of fire hits you!
You die...
Fedhas appreciates your contribution to the ecosystem.

Skill      XL: |  1  2  3  4  5  6  7  8  9 10 |
---------------+-------------------------------+-----
Fighting       | 2 3 4 5 6 7 9 10 | 10.3
Throwing       | 3 4 5 6 7 8 |  8.2
Dodging        | 2 3 |  3.6
Invocations    | 4 5 |  5.6
Maces & Flails | 4 9 |  9.5
Spellcasting   | |  1.2
Hexes          | |  2.6

Action                   |  1- 3 |  4- 6 |  7- 9 | 10-12 || total
-------------------------+-------+-------+-------+-------++-------
Melee: Unarmed           |    34 |     6 |       |       ||    40
       Whip              |    76 |     9 |   134 |       ||   219
       Dagger            |       |   222 |   187 |       ||   409
       Giant spiked club |       |       |    48 |   164 ||   212
 Fire: Blowgun           |       |     6 |   147 |     4 ||   157
Throw: Large rock        |    10 |     3 |     2 |     4 ||    19
       Tomahawk          |    10 |     7 |       |       ||    17
 Cast: Corona            |       |    37 |     2 |       ||    39
Invok: Fungal Bloom      |       |       |    32 |    16 ||    48
       Evolution         |       |       |     6 |     2 ||     8
       Sunlight          |       |       |       |     1 ||     1
 Abil: Evoke Invisibilit |       |       |       |     1 ||     1
Evoke: Wand              |       |       |     1 |     3 ||     4
  Use: Scroll            |     6 |     2 |     6 |     7 ||    21
       Potion            |     1 |     1 |       |     2 ||     4
 Stab: Sleeping          |     1 |       |       |       ||     1
       Confused          |       |       |     1 |       ||     1
       Invisible         |       |       |       |     2 ||     2
  Eat: Chunk             |     1 |     9 |    16 |     1 ||    27
       Bread ration      |     1 |       |       |       ||     1
       Meat ration       |       |       |     2 |       ||     2
       Royal jelly       |       |       |     1 |     5 ||     6
Armor: Robe              |    22 |   105 |   197 |    22 ||   346
       Skin              |    15 |     6 |       |    21 ||    42
       Troll leather arm |       |       |       |    64 ||    64
Dodge: Dodged            |    65 |   128 |   317 |   101 ||   611

Vault maps used:
D:1:      co_arrival_square_in_a_square_in_a_square, minmay_misc_feat_cross,
          hangedman_decor_peaks_small
D:3:      kennysheep_six_static_rooms
D:4:      lemuel_castle_with_subvaults, yredelemnul_forgotten_temple_becter,
          fedhas_altar_1, grunt_temple_overflow_open, gup_sewer_entry_bowl,
          hangedman_decor_riveting, minmay_misc_feat_secret_circle,
          uniq_duvessa, uniq_natasha
D:5:      first_bread, uniq_blork_the_orc, uniq_menkaure, uniq_pikel
D:6:      minitemple, serial_glass, glass_columns_c, glass_columns_c,
          glass_columns_a, glass_columns_a, uniq_eustachio
D:7:      lemuel_crystal_altar, minmay_temple_entry_nine_rooms, serial_shops,
          shop, shop_fountains, shop, shop
D:9:      xom_teletrap_fun
D:10:     zombieorc1_lemuel, serial_shops, shop, uniq_psyche, uniq_harold
Sewer:    sewer_co_15_rooms

Notes
Turn   | Place    | Note
-------+----------+-------------------------------------------
     0 | D:1      | Dominolapin the Ogre Arcane Marksman began the quest for the Orb.
     0 | D:1      | Reached XP level 1. HP: 19/19 MP: 2/2
   527 | D:1      | Reached XP level 2. HP: 11/28 MP: 3/3
  1132 | D:2      | Reached skill level 2 in Fighting
  1377 | D:1      | Reached skill level 3 in Throwing
  1384 | D:1      | Reached XP level 3. HP: 17/35 MP: 4/4
  2169 | D:2      | Reached skill level 3 in Fighting
  2169 | D:2      | Reached XP level 4. HP: 39/45 MP: 5/5
  2884 | D:3      | Reached skill level 4 in Throwing
  3068 | D:3      | Reached skill level 4 in Fighting
  3068 | D:3      | Reached XP level 5. HP: 26/54 MP: 4/6
  3098 | D:3      | Noticed George's ghost (amateur DsNe)
  3599 | D:3      | Killed George's ghost
  3599 | D:3      | Reached skill level 5 in Fighting
  3599 | D:3      | Reached XP level 6. HP: 52/66 MP: 7/7
  4031 | D:4      | Found a snail-covered altar of Cheibriados.
  4031 | D:4      | Noticed Duvessa
  4031 | D:4      | Noticed Dowan
  4175 | D:4      | Found a glowing drain.
  4179 | Sewer    | Entered a sewer
  4305 | Sewer    | Reached skill level 5 in Throwing
  5317 | D:4      | Found an opulent altar of Gozag.
  5327 | D:4      | Reached skill level 6 in Fighting
  5362 | D:4      | Killed Duvessa
  5362 | D:4      | Reached XP level 7. HP: 49/76 MP: 8/8
  5679 | D:4      | Killed Dowan
  5679 | D:4      | Reached skill level 6 in Throwing
  5864 | D:4      | Found a blossoming altar of Fedhas.
  5872 | D:4      | Found a basalt altar of Yredelemnul.
  5887 | D:4      | Became a worshipper of Fedhas Madash
  5905 | D:4      | Reached skill level 7 in Fighting
  6381 | D:4      | Noticed Natasha
  6441 | D:4      | Killed Natasha
  6952 | D:3      | Reached XP level 8. HP: 47/88 MP: 9/9
  7185 | D:4      | Reached skill level 8 in Fighting
  7489 | D:4      | Reached skill level 7 in Throwing
  7528 | D:4      | Reached * piety under Fedhas
  7797 | D:4      | Noticed Natasha
  7811 | D:4      | Killed Natasha
  7873 | D:4      | Noticed Natasha
  7885 | D:4      | Killed Natasha
  8282 | D:5      | Entered Level 5 of the Dungeon
  8428 | D:5      | Noticed a troll
  8435 | D:5      | Killed a troll
  8435 | D:5      | Reached skill level 2 in Dodging
  8435 | D:5      | Reached skill level 1 in Invocations
  8552 | D:5      | Noticed Menkaure
  8562 | D:5      | Killed Menkaure
  8562 | D:5      | Reached skill level 9 in Fighting
  8562 | D:5      | Reached skill level 2 in Invocations
  8662 | D:5      | Noticed Pikel
  8676 | D:5      | Killed Pikel
  8676 | D:5      | Reached skill level 4 in Invocations
  8676 | D:5      | Reached XP level 9. HP: 40/100 MP: 9/12
  8723 | D:5      | Reached skill level 3 in Dodging
  9287 | D:6      | Noticed Eustachio
  9326 | D:6      | Killed Eustachio
  9572 | D:6      | Reached skill level 1 in Maces & Flails
  9572 | D:6      | Reached skill level 8 in Throwing
 10156 | D:6      | Gained mutation: You have sharp fingernails. [mutagenic meat]
 10157 | D:6      | Gained mutation: You have very sharp fingernails. [mutagenic meat]
 10158 | D:6      | Gained mutation: You passively map a small area around you. [mutagenic meat]
 10673 | D:6      | Found a shattered altar of Ashenzari.
 10676 | D:6      | Found a glowing silver altar of Zin.
 10930 | D:7      | Found Doin's Food Shop.
 10951 | D:7      | Bought 3 fruits for 58 gold pieces
 10971 | D:7      | Reached skill level 2 in Maces & Flails
 10971 | D:7      | Reached skill level 5 in Invocations
 11051 | D:7      | Found Juem's Food Boutique.
 12006 | D:7      | Found a staircase to the Ecumenical Temple.
 12080 | D:7      | Reached skill level 10 in Fighting
 12080 | D:7      | Reached skill level 3 in Maces & Flails
 12098 | D:7      | Found Qefrioch's Armour Shop.
 12101 | D:7      | Bought a +1 cloak of invisibility for 231 gold pieces
 12115 | D:7      | Found Emakhlahi's Jewellery Shoppe.
 12141 | D:7      | Found a shadowy altar of Dithmenos.
 12660 | D:8      | Reached skill level 4 in Maces & Flails
 12660 | D:8      | Reached XP level 10. HP: 107/110 MP: 14/14
 12679 | D:8      | Noticed a two-headed ogre
 12706 | D:8      | Killed a two-headed ogre
 12706 | D:8      | Reached skill level 5 in Maces & Flails
 13039 | D:8      | Noticed a two-headed ogre
 13049 | D:8      | Killed a two-headed ogre
 13049 | D:8      | Reached skill level 6 in Maces & Flails
 13669 | D:9      | Reached skill level 7 in Maces & Flails
 14095 | D:9      | Reached ** piety under Fedhas
 14191 | D:9      | Reached skill level 8 in Maces & Flails
 14238 | D:9      | Found a shimmering altar of Xom.
 14662 | D:10     | Entered Level 10 of the Dungeon
 14686 | D:10     | Noticed Psyche
 14695 | D:10     | Killed Psyche
 14785 | D:10     | Reached skill level 9 in Maces & Flails
 14792 | D:10     | Found a staircase to the Orcish Mines.
 14809 | D:10     | Reached XP level 11. HP: 61/118 MP: 15/15
 14920 | D:10     | Noticed Harold
 14946 | D:10     | Killed from afar by Harold

Vanquished Creatures
  2 two-headed ogres (D:8)
  Pikel (D:5)
  Psyche (D:10)
  A troll (D:9)
  Eustachio (D:6)
  2 hungry ghosts (D:10)
  Duvessa (D:4)
  A phantom (D:10)
  3 sky beasts
  2 ogres (D:7)
  4 centaurs
  The ghost of George the Grave Robber, an amateur DsNe (D:3)
  A big kobold (Sewer)
  2 bullfrogs
  A gnoll sergeant (D:3)
  Dowan (D:4)
  A wyvern skeleton (D:9)
  A scorpion (D:8)
  2 killer bees (D:9)
  2 howler monkeys
  2 troll skeletons (D:10)
  A crimson imp (D:9)
  2 bullfrog zombies
  3 centaur skeletons
  2 hounds
  2 orc priests
  2 bullfrog skeletons
  2 jellies (D:8)
  5 orc wizards
  2 iguanas
  5 worker ants
  Natasha (twice) (D:4)
  An ogre skeleton (D:10)
  30 gnolls
  A howler monkey skeleton (D:8)
  14 adders
  4 river rats (Sewer)
  2 shadow imps
  An adder zombie (D:4)
  An adder skeleton (D:4)
  4 worms
  A dart slug (D:1)
  7 leopard geckos
  13 orcs
  5 ball pythons (Sewer)
  4 giant cockroaches
  10 goblins
  10 hobgoblins
  20 jackals
  11 kobolds
  5 quokkas
  8 bats
  3 frilled lizards
  2 goblin zombies (D:10)
  A hobgoblin skeleton (D:10)
  A hobgoblin zombie (D:10)
  An orc skeleton (D:10)
  3 orc zombies (D:10)
  8 rats
  A spectral orc (D:4)
  A toadstool (D:5)
234 creatures vanquished.

Vanquished Creatures (collateral kills)
  2 trolls
  Menkaure (D:5)
  A water moccasin (D:9)
  A black bear (D:9)
  2 ice beasts
  An orc warrior (D:8)
  2 sky beasts (D:6)
  A centaur (D:7)
  A bullfrog (D:7)
  2 troll zombies (D:10)
  2 scorpions
  4 killer bees
  A quasit (D:8)
  A hound (D:9)
  2 jellies
  An orc priest (D:10)
  2 centaur skeletons
  2 gnoll shamans (D:4)
  An orc wizard (D:10)
  Natasha (D:4)
  An iguana (D:7)
  3 worker ants (D:5)
  An ogre skeleton (D:10)
  2 adders
  6 gnolls (D:4)
  A leopard gecko (D:5)
  6 orcs
  2 giant cockroaches
  A jackal (D:8)
  2 goblin skeletons (D:10)
  A hobgoblin skeleton (D:10)
  A hobgoblin zombie (D:10)
  2 orc skeletons (D:10)
  An orc zombie (D:10)
61 creatures vanquished.

Vanquished Creatures (others)
  A slave (D:5)
  2 orc wizards (D:5)
  An orc (D:5)
  A giant cockroach (D:5)
  8 wandering mushrooms
  128 toadstools
141 creatures vanquished.

Grand Total: 436 creatures vanquished
